 Dungeon Crawl Stone Soup version 0.21.1-1-g345015f (webtiles) character file.

67 Silverflame8080 the Skirmisher (level 4, 0/49 HPs)
             Began as an Ogre Berserker on Feb 19, 2018.
             Was a Follower of Trog.
             Shot with an arrow by a centaur (11 damage)
             ... on level 2 of the Dungeon on Mar 5, 2018.
             The game lasted 00:11:58 (1363 turns).

Silverflame8080 the Skirmisher (Ogre Berserker)     Turns: 1363, Time: 00:11:58

Health: 0/49       AC:  3    Str: 26    XL:     4   Next: 16%
Magic:  5/5        EV: 10    Int:  8    God:    Trog [*.....]
Gold:   48         SH:  0    Dex:  9    Spells: 5/5 levels left

rFire    . . .     SeeInvis .   a - +0 spear
rCold    . . .     Gourm    .   (no shield)
rNeg     . . .     Faith    .   b - +0 animal skin
rPois    .         Spirit   .   (helmet restricted)
rElec    .         Reflect  .   (no cloak)
rCorr    .         Harm     .   (gloves unavailable)
MR       .....                  (boots unavailable)
Stlth    +.........             (no amulet)
HPRegen  0.16/turn              (no ring)
MPRegen  0.09/turn              (no ring)

@: mighty, lethally poisoned (0 -> -5)
A: large, unfitting armour, tough skin 1
a: Berserk, Burn Spellbooks, Renounce Religion


You were on level 2 of the Dungeon.
You worshipped Trog.
Trog was aware of your devotion.
You were not hungry.

You visited 1 branch of the dungeon, and saw 2 of its levels.

You collected 48 gold pieces.

Inventory:

Hand Weapons
 a - a +0 spear (weapon)
Missiles
 d - 80 stones (quivered)
 g - 46 bolts
 k - 6 poisoned needles
Armour
 b - a +0 animal skin (worn)
Scrolls
 e - a scroll of immolation {unknown}
 f - 3 scrolls of remove curse {unknown}
Potions
 j - a potion of berserk rage {unknown}
Comestibles
 c - 3 rations


   Skills:
 * Level 4.9 Fighting
 + Level 3.5 Polearms
 * Level 0.5 Throwing
 * Level 0.5 Armour
 + Level 3.1 Dodging
 - Level 1.0 Spellcasting


You had 5 spell levels left.
You didn't know any spells.

Dungeon Overview and Level Annotations

Branches:
Dungeon (2/15)

Altars:


Innate Abilities, Weirdness & Mutations

You are too large for most types of armour.
You have tough skin. (AC +1)


Message History

You feel sick.
The worm moves out of view.
The adder bites you.
You closely miss the adder.
The adder is heavily wounded.
You feel sick. The adder closely misses you.
You puncture the adder!
You kill the adder!
Trog accepts your kill.
You feel sick.
The centaur shoots an arrow.
The arrow hits you.
You puncture the adder!
You kill the adder!
Trog accepts your kill.
You have reached level 4!
The centaur shoots an arrow.
The arrow hits you!
* * * LOW HITPOINT WARNING * * *
You puncture the goblin!
You kill the goblin!
Trog accepts your kill.
You feel sick.
The centaur shoots an arrow.
The arrow closely misses you.
The centaur shoots an arrow.
The arrow hits you!
You die...

≈≈.w.≈.⌠≈..≈..≈≈#.######
≈≈≈..≈..gc.≈..≈≈#.#
#≈≈≈..≈.S≈≈...≈##.##
#.≈..≈.......##...#
#..≈≈........##...#
##............#....#
#..................#
#(w######....#
#.c)@....(...#
#########....# #...[#
#....# #....# ######


You could see a centaur and a dart slug.

Vanquished Creatures
  2 adders (D:2)
  An ooze (D:1)
  2 dart slugs (D:1)
  A leopard gecko (D:1)
  2 giant cockroaches (D:1)
  4 goblins
  5 hobgoblins (D:1)
  6 jackals (D:1)
  3 kobolds (D:1)
  3 bats (D:1)
  4 frilled lizards (D:1)
  6 rats
39 creatures vanquished.

Notes
Turn   | Place    | Note
-------+----------+-------------------------------------------
     0 | D:1      | Silverflame8080 the Ogre Berserker began the quest for the Orb.
     0 | D:1      | Reached XP level 1. HP: 24/24 MP: 1/1
   156 | D:1      | Reached skill level 1 in Spellcasting
   156 | D:1      | Reached XP level 2. HP: 20/32 MP: 1/3
   319 | D:1      | Reached XP level 3. HP: 8/40 MP: 4/4
  1257 | D:1      | _'
  1341 | D:2      | Noticed a centaur
  1362 | D:2      | Reached XP level 4. HP: 27/49 MP: 5/5
  1363 | D:2      | Shot with an arrow by a centaur

Skill      XL: |  1  2 |
---------------+-------+-----
Spellcasting   | 1 |  1.0
Dodging        | 3 |  3.1
Fighting       | |  4.9
Polearms       | |  3.5
Throwing       | |  0.5
Armour         | |  0.5

Action                   |  1- 3 |  4- 6 || total
-------------------------+-------+-------++-------
Melee: Spear             |   136 |     1 ||   137
Throw: Stone             |    11 |       ||    11
Invok: Berserk           |     1 |       ||     1
  Use: Scroll            |     3 |       ||     3
       Potion            |     2 |       ||     2
  Eat: Chunk             |     3 |       ||     3
Armor: Animal skin       |    43 |       ||    43
Dodge: Dodged            |    91 |     1 ||    92
